 Dungeon Crawl Stone Soup version 0.30-a0-469-g84de5afbc5 (webtiles) character file.

Game seed: 8922013275149117453

86853 Pooter the Severer (level 15, -11/208 HPs)
             Began as a Minotaur Berserker on Dec 13, 2022.
             Was a High Priest of Trog.
             Mangled by a skeletal warrior
             ... wielding a +0 trident
              (22 damage)
             ... on level 12 of the Dungeon on Dec 19, 2022.
             The game lasted 01:57:13 (26276 turns).

Pooter the Severer (Minotaur Berserker)            Turns: 26276, Time: 01:57:14

Health: -11/208    AC: 13    Str: 28    XL:     15   Next: 42%
Magic:  14/14      EV: 11    Int:  6    God:    Trog [*****.]
Gold:   789        SH:  0    Dex:  9    Spells: 14/14 levels left

rFire   . . .      SeeInvis .    a - +4 executioner's axe (venom)
rCold   . . .      Faith    .    (shield currently unavailable)
rNeg    . . .      Spirit   .    W - +0 plate armour
rPois   .          Reflect  .    (helmet restricted)
rElec   .          Harm     .    (no cloak)
rCorr   .          Rampage  .    M - +1 pair of gloves
Will    +....                    (no boots)
Stlth   ..........               L - amulet of regeneration
HPRegen 1.34/turn                T - +4 ring of evasion
MPRegen 0.14/turn                O - +4 ring of slaying

@: berserking, very quick
A: horns 2, retaliatory headbutt
a: Renounce Religion, Berserk, Trog's Hand, Brothers in Arms


You were on level 12 of the Dungeon.
You worshipped Trog.
Trog was extremely pleased with you.
You visited 2 branches of the dungeon, and saw 17 of its levels.
You also visited: Ice Cave.

You collected 1292 gold pieces.
You spent 503 gold pieces at shops.

Inventory:

Hand Weapons
 a - a +4 executioner's axe of venom (weapon)
   (You acquired it on level 8 of the Dungeon)
 b - a +6 arbalest of freezing
   (You acquired it on level 11 of the Dungeon)
 m - a +5 halberd
   (You took it off a wight on level 8 of the Dungeon)
 n - the +3 woodcutter's axe {vorpal}
   (You found it on level 4 of the Dungeon)

   It inflicts extra damage upon your enemies.
 s - a +6 great mace
   (You took it off a two-headed ogre on level 10 of the Dungeon)
 S - the +7 flail of Saojy {flame, +Blink SInv}
   (You took it off a necromancer on level 5 of the Lair of Beasts)

   It burns those it strikes, dealing additional fire damage.
   SInv:      It lets you see invisible.
   +Blink:    It lets you blink.
Missiles
 k - 31 poisoned darts
 v - 5 boomerangs (quivered)
 C - 7 curare-tipped darts
 E - 5 javelins
 J - 2 throwing nets {!f}
 K - 2 silver javelins
 P - 9 atropa-tipped darts
 Q - 147 stones
Armour
 M - a +1 pair of gloves (worn)
   (You found it in an ice cave)
 R - a scarf of shadows
   (You found it on level 11 of the Dungeon)
 W - a +0 plate armour (worn)
   (You found it on level 5 of the Lair of Beasts)
Jewellery
 B - a +6 ring of dexterity
   (You found it on level 5 of the Dungeon)
 G - an amulet of guardian spirit
   (You found it on level 3 of the Lair of Beasts)
 I - a ring of fire
   (You found it on level 8 of the Dungeon)
 L - an amulet of regeneration (around neck)
   (You found it on level 12 of the Dungeon)
 O - a +4 ring of slaying (right hand)
   (You found it on level 2 of the Lair of Beasts)
 T - a +4 ring of evasion (left hand)
   (You found it on level 4 of the Lair of Beasts)
Wands
 f - a wand of flame (3)
   (You found it on level 5 of the Lair of Beasts)
 o - a wand of roots (18)
   (You took it off Natasha on level 3 of the Dungeon)
 u - a wand of paralysis (2)
   (You bought it in a shop on level 8 of the Dungeon)
 x - a wand of acid (19)
   (You found it on level 6 of the Dungeon)
Scrolls
 e - 5 scrolls of immolation {!r}
 j - 4 scrolls of vulnerability {!r}
 l - 3 scrolls of fog
 q - 5 scrolls of fear
 r - a scroll of magic mapping
 t - 4 scrolls of teleportation {@r4}
 y - 3 scrolls of poison {!r}
 V - a scroll of silence
Potions
 c - 3 potions of haste {@q3}
 g - 4 potions of curing {@q1}
 h - 5 potions of attraction {!q}
 p - 4 potions of mutation {!q}
 w - 6 potions of heal wounds {@q2}
 z - a potion of cancellation
 A - 2 potions of lignification {!q}
 F - 2 potions of resistance
 H - 4 potions of flight
 N - a potion of invisibility
Miscellaneous
 U - a box of beasts
   (You found it on level 5 of the Lair of Beasts)


   Skills:
 + Level 14.8 Fighting
 * Level 20.2 Axes
 * Level 16.8 Ranged Weapons
 - Level 2.4 Armour
 - Level 2.1 Dodging
 + Level 9.6 Evocations


You had 14 spell levels left.
You didn't know any spells.
Your spell library was empty.

Dungeon Overview and Level Annotations

Branches:
Dungeon (12/15)            Temple (0/1) D:4            Lair (5/5) D:11
  Swamp (0/4) Lair:2       Spider (0/4) Lair:3        Slime (0/5) Lair:5
  IceCv (visited)
    Orc: D:9-12

Altars:
Ashenzari
Cheibriados
Elyvilon
Fedhas
Hepliaklqana
Kikubaaqudgha
Makhleb
Okawaru
Ru
Sif Muna
Trog
Uskayaw
Vehumet
Xom
Zin
The Shining One

Shops:
D:5 (   D:8 *   D:11 *

Portals:
Trove: D:10 (give +6 fire dragon scales)


Innate Abilities, Weirdness & Mutations

You have a pair of horns on your head.
You reflexively headbutt those who attack you in melee.


Message History

Your +6 arbalest of freezing is covered in frost.
b - a +6 arbalest of freezing (weapon)
A skeletal warrior comes into view. It is wielding a +0 trident.
The skeletal warrior hits you with a +0 glaive!
You are too injured to fight recklessly!
You are too injured to fight recklessly!
Do you really want to go berserk while wielding your +6 arbalest of freezing?
Okay, then.
Your +6 arbalest of freezing stops glowing.
Your +4 executioner's axe of venom begins to drip with poison!
a - a +4 executioner's axe of venom (weapon)
You slice the skeletal warrior!!
The skeletal warrior hits you from afar with a +0 trident.
The skeletal warrior closely misses you.
You slash the skeletal warrior!
You destroy the skeletal warrior!
Trog accepts your kill.
Trog will now gift you melee weapons as you gain piety.
The skeletal warrior hits you but does no damage.
The skeletal warrior hits you with a +0 trident!!
* * * LOW HITPOINT WARNING * * *
You see here a +0 glaive.
You hit the skeletal warrior.
You headbutt the skeletal warrior, but do no damage.
The skeletal warrior hits you with a +0 trident.
* * * LOW HITPOINT WARNING * * *
You barely miss the skeletal warrior. The skeletal warrior barely misses you.
You furiously retaliate!
You headbutt the skeletal warrior. You hit the skeletal warrior.
The skeletal warrior hits you with a +0 trident!!
* * * LOW HITPOINT WARNING * * *
You barely miss the skeletal warrior.
Your headbutt misses the skeletal warrior.
The skeletal warrior hits you with a +0 trident.
* * * LOW HITPOINT WARNING * * *
You hit the skeletal warrior.
Unknown command.
You hit the skeletal warrior but do no damage.
The skeletal warrior hits you with a +0 trident!
* * * LOW HITPOINT WARNING * * *
You hit the skeletal warrior but do no damage.
The skeletal warrior hits you with a +0 trident.
* * * LOW HITPOINT WARNING * * *
You hit the skeletal warrior but do no damage.
The skeletal warrior hits you with a +0 trident!!
* * * LOW HITPOINT WARNING * * *
A red film seems to cover your vision as you go berserk!
You feel yourself moving faster!
You feel mighty!
The skeletal warrior hits you with a +0 trident!!
You die...

.#.........# .........
.###..####.# .........
...#..###########........
...#.....#......#........
...#.....#......'........
...'.....'......#........
...#.....#......#))......
...####'#######'#........
##..............@z####...
#................#
#................#
#....)...........#
#................#
##))..............#
)!).####......#'### .####
###.).#>. ..# ..


You could see a skeletal warrior.

Vanquished Creatures
  A frost giant (IceCv)
  4 dire elephants (Lair:5)
  The ghost of BlueFish the Fighter, a journeyman MiFi of Dithmenos (D:10)
  2 hydras
  A catoblepas (Lair:3)
  An anaconda (Lair:3)
  2 boulder beetles
  10 two-headed ogres
  14 death yaks
  A spectral death yak (Lair:5)
  3 skeletal warriors (D:12)
  A spectral anaconda (Lair:5)
  An obsidian statue (Lair:5)
  A lindwurm (Lair:5)
  3 deep elf pyromancers (D:12)
  2 oklob plants
  3 necromancers (Lair:5)
  2 ugly things
  A manticore (D:12)
  27 elephants
  7 black mambas
  2 torpor snails
  An ice statue (IceCv)
  A gargoyle (D:12)
  A dire elephant skeleton (Lair:5)
  10 cane toads
  16 rime drakes
  2 unseen horrors
  A kobold demonologist (D:10)
  A guardian mummy (D:10)
  13 komodo dragons
  3 trolls (D:11)
  2 meliai
  5 polar bears (IceCv)
  39 blink frogs
  2 spectral elephants (Lair:5)
  14 dream sheep
  6 slime creatures (D:12)
  2 wraiths (D:11)
  A dire elephant simulacrum (Lair:5)
  2 shadows
  2 basilisks (Lair:5)
  2 wyverns
  53 yaks
  3 steam dragons
  6 vampire mosquitoes
  An acid dragon (D:8)
  2 death yak simulacra (Lair:5)
  14 water moccasins
  5 orc warriors
  A sky beast (D:6)
  4 black bears
  4 ogres
  3 centaurs
  12 wolves
  2 elephant skeletons (Lair:5)
  10 kobold brigands
  14 bullfrogs
  A necrophage (D:8)
  3 gnoll sergeants
  3 scorpions (D:4)
  A cane toad simulacrum (Lair:5)
  22 wights
  22 killer bees
  5 howler monkeys
  7 orc priests
  4 hounds
  A gnoll bouda (D:9)
  2 jellies
  Jessica (D:3)
  2 iguanas (D:7)
  Natasha (thrice) (D:3)
  6 orc wizards
  15 gnolls
  10 adders
  A shadow imp (D:5)
  A white imp (D:8)
  2 worms
  3 dart slugs
  44 orcs
  7 endoplasms
  8 goblins
  3 hobgoblins
  7 jackals
  14 kobolds
  6 quokkas
  7 ball pythons
  5 bats
  4 rats
570 creatures vanquished.

Vanquished Creatures (others)
  An orc (D:12)
  A bush (Lair:5)
  52 fungi
  52 plants
  38 withered plants (Lair:5)
144 creatures vanquished.

Grand Total: 714 creatures vanquished

Notes
Turn   | Place    | Note
-------+----------+-------------------------------------------
     0 | D:1      | Pooter the Minotaur Berserker began the quest for the Orb.
     0 | D:1      | Reached XP level 1. HP: 19/19 MP: 0/0
    37 | D:1      | Reached skill level 4 in Axes
    40 | D:1      | Reached XP level 2. HP: 27/27 MP: 1/1
   330 | D:1      | Reached XP level 3. HP: 15/33 MP: 2/2
   637 | D:2      | Reached ** piety under Trog
   642 | D:2      | Reached skill level 5 in Axes
   697 | D:2      | Found a shimmering altar of Xom.
   748 | D:2      | Reached XP level 4. HP: 37/41 MP: 3/3
   980 | D:2      | Reached skill level 6 in Axes
  1137 | D:3      | Noticed Jessica
  1140 | D:3      | Killed Jessica
  1141 | D:3      | Reached skill level 5 in Fighting
  1141 | D:3      | Reached XP level 5. HP: 48/48 MP: 4/4
  1266 | D:3      | Noticed Natasha
  1272 | D:3      | Killed Natasha
  1363 | D:3      | Found a snail-covered altar of Cheibriados.
  1535 | D:3      | Noticed Natasha
  1541 | D:3      | Killed Natasha
  1661 | D:3      | Noticed an ogre
  1667 | D:3      | Killed an ogre
  1668 | D:3      | Reached skill level 7 in Axes
  1668 | D:3      | Reached XP level 6. HP: 57/57 MP: 5/5
  1785 | D:3      | Noticed Natasha
  1790 | D:3      | Killed Natasha
  1981 | D:4      | Found a bloodstained altar of Trog.
  1984 | D:4      | Found an ancient bone altar of Kikubaaqudgha.
  2021 | D:4      | Reached skill level 8 in Axes
  2118 | D:4      | Reached XP level 7. HP: 63/63 MP: 6/6
  2143 | D:4      | Found a burning altar of Makhleb.
  2144 | D:4      | Found a glowing silver altar of Zin.
  2144 | D:4      | Noticed an angel
  2145 | D:4      | Noticed a cacodemon
  2221 | D:4      | Found a staircase to the Ecumenical Temple.
  2221 | D:4      | Found the +3 woodcutter's axe {vorpal}
  2464 | D:5      | Entered Level 5 of the Dungeon
  2471 | D:5      | Reached skill level 9 in Axes
  2614 | D:5      | Reached skill level 1 in Ranged Weapons
  2733 | D:4      | Reached XP level 8. HP: 69/73 MP: 7/7
  2944 | D:5      | Found Xoiryr's Weapon Shoppe.
  3126 | D:5      | Reached skill level 10 in Axes
  3541 | D:6      | Reached *** piety under Trog
  3867 | D:6      | Reached skill level 5 in Ranged Weapons
  3870 | D:6      | Reached skill level 11 in Axes
  3870 | D:6      | Reached XP level 9. HP: 76/81 MP: 8/8
  3981 | D:6      | Found a shimmering blue altar of Sif Muna.
  4362 | D:7      | Found a broken altar of Ashenzari.
  4649 | D:7      | Found a radiant altar of Vehumet.
  4971 | D:7      | Identified the +4 leather armour of Indecent Exposure {Harm
                  | rPois}
  5232 | D:7      | Found a glowing golden altar of the Shining One.
  5298 | D:8      | Reached skill level 1 in Evocations
  5473 | D:8      | Found Dourocie's General Store.
  5476 | D:8      | Bought a wand of paralysis (3) for 86 gold pieces
  5476 | D:8      | Bought a scroll of identify for 24 gold pieces
  5485 | D:8      | Found a sacrificial altar of Ru.
  5567 | D:8      | Noticed a two-headed ogre
  5575 | D:8      | Killed a two-headed ogre
  5576 | D:8      | Reached skill level 12 in Axes
  5693 | D:8      | Identified a scroll of acquirement
  5694 | D:8      | Acquired a +2 executioner's axe of venom
  5756 | D:8      | Found a blossoming altar of Fedhas.
  5821 | D:8      | Reached XP level 10. HP: 33/85 MP: 9/9
  6063 | D:8      | Found a hazy altar of Hepliaklqana.
  6437 | D:8      | Found a shimmering altar of Xom.
  6609 | D:9      | Noticed a two-headed ogre
  6612 | D:9      | Killed a two-headed ogre
  6745 | D:9      | HP: 3/91 [vampire mosquito (2)]
  6949 | D:9      | Found an iron altar of Okawaru.
  7005 | D:9      | Noticed a two-headed ogre
  7010 | D:9      | Killed a two-headed ogre
  7011 | D:9      | Reached skill level 13 in Axes
  7651 | D:9      | Noticed a boulder beetle
  7653 | D:9      | Reached skill level 10 in Fighting
  8438 | D:9      | Killed a boulder beetle
  8439 | D:9      | Reached XP level 11. HP: 87/100 MP: 10/10
  8908 | D:9      | Noticed a two-headed ogre
  8913 | D:9      | Killed a two-headed ogre
  8914 | D:9      | Reached skill level 14 in Axes
  9232 | D:10     | Entered Level 10 of the Dungeon
  9246 | D:10     | Found a portal to a secret trove of treasure.
  9391 | D:10     | Reached **** piety under Trog
  9392 | D:10     | Reached skill level 10 in Ranged Weapons
  9666 | D:10     | Found a transporter.
  9666 | D:10     | Noticed a two-headed ogre
  9666 | D:10     | Noticed BlueFish's ghost (journeyman MiFi)
  9667 | D:10     | Found a transporter.
  9668 | D:10     | Noticed a two-headed ogre
  9668 | D:10     | Noticed a two-headed ogre
  9669 | D:10     | Noticed a two-headed ogre
  9775 | D:10     | Reached skill level 5 in Evocations
  9796 | D:10     | Noticed a two-headed ogre
  9804 | D:10     | Killed a two-headed ogre
  9883 | D:10     | Noticed a +0 dagger
  9884 | D:10     | Found a hide-covered altar of Uskayaw.
  9884 | D:10     | Noticed a +0 hand axe
 10189 | D:10     | Found a white marble altar of Elyvilon.
 10191 | D:10     | Noticed a two-headed ogre
 10199 | D:10     | Killed a two-headed ogre
 10473 | D:11     | Reached skill level 15 in Axes
 10480 | D:11     | Found Akixeal's Assorted Antiques.
 10483 | D:11     | Bought a scroll labelled WEENIO GYOGUISHRI for 27 gold
                  | pieces
 10483 | D:11     | Bought a potion of curing for 81 gold pieces
 10483 | D:11     | Bought a scroll labelled WEENIO GYOGUISHRI for 27 gold
                  | pieces
 10583 | D:11     | Acquired a +6 arbalest of freezing
 10626 | D:11     | Found a frozen archway.
 10634 | IceCv    | Entered an ice cave
 10920 | IceCv    | Reached XP level 12. HP: 67/110 MP: 11/11
 12151 | IceCv    | Noticed a death yak
 12169 | IceCv    | Killed a death yak
 12267 | IceCv    | Noticed a death yak
 12269 | IceCv    | Noticed a death yak
 12274 | IceCv    | Killed a death yak
 12279 | IceCv    | Killed a death yak
 12368 | IceCv    | Noticed a frost giant
 12368 | IceCv    | Noticed a death yak
 12376 | IceCv    | Killed a death yak
 12388 | IceCv    | Killed a frost giant
 12389 | IceCv    | Reached skill level 16 in Axes
 12527 | IceCv    | Noticed a death yak
 12527 | IceCv    | Noticed a death yak
 12527 | IceCv    | Noticed a death yak
 12533 | IceCv    | Killed a death yak
 12535 | IceCv    | Killed a death yak
 12541 | IceCv    | Killed a death yak
 13154 | D:11     | Found a staircase to the Lair.
 13204 | D:11     | Reached XP level 13. HP: 112/119 MP: 12/12
 13341 | Lair:1   | Entered Level 1 of the Lair of Beasts
 14165 | D:8      | Bought a potion of invisibility for 96 gold pieces
 14165 | D:8      | Bought a scroll of teleportation for 36 gold pieces
 14165 | D:8      | Bought a scroll of blinking for 90 gold pieces
 14165 | D:8      | Bought a potion of flight for 36 gold pieces
 14304 | Lair:2   | Found a staircase to the Swamp.
 14322 | Lair:2   | Reached skill level 17 in Axes
 15355 | Lair:3   | Upgraded the game from 0.30-a0-457-g4b7bca3bfa to
                  | 0.30-a0-459-g9104f0fc43
 15355 | Lair:3   | Upgraded the game from 0.30-a0-459-g9104f0fc43 to
                  | 0.30-a0-469-g84de5afbc5
 16203 | Lair:3   | Reached skill level 18 in Axes
 17349 | Lair:3   | Reached XP level 14. HP: 89/129 MP: 13/13
 17523 | Lair:3   | Found a hole to the Spider Nest.
 18564 | Lair:4   | Reached skill level 15 in Ranged Weapons
 19374 | Lair:5   | Entered Level 5 of the Lair of Beasts
 20234 | Lair:5   | Reached skill level 19 in Axes
 22292 | Lair:5   | Found a staircase to the Slime Pits.
 22995 | Lair:5   | Identified the +7 flail of Saojy {flame, +Blink SInv}
 23701 | Lair:5   | Reached XP level 15. HP: 128/139 MP: 12/14
 24394 | D:10     | Killed BlueFish's ghost
 24624 | D:12     | Reached skill level 20 in Axes
 26266 | D:12     | Reached ***** piety under Trog
 26276 | D:12     | Mangled by a skeletal warrior

Illustrated notes

Levels and vault maps discovered:
D:1:      lightli_arrival_flooded_house, layout_rooms
D:2:      layout_rooms, basic_altar
D:3:      layout_basic, mainiacjoe_overflow_24_doors,
          minmay_misc_feat_secret_circle, uniq_natasha, uniq_jessica
D:4:      layout_rooms, grunt_temple_overflow_order_and_chaos_2,
          nicolae_overflow_squiral, minmay_temple_entry_statues_fountains,
          minmay_pentomino_pile
D:5:      layout_basic, serial_shops, nicolae_shop_trees
D:6:      layout_rooms, nicolae_overflow_crystal_walls, kennysheep_small_spiral,
          chequers_serial_rivers_small_a, chequers_hall_statues_wall_a
D:7:      layout_loops_cross, tso_altar, nicolae_vehumet_altar_sigil,
          old_standard_altar
D:8:      layout_loops_ring, mainiacjoe_overflow_catwalk,
          mainiacjoe_overflow_alcove_2, overflow_temple_1_default,
          nicolae_ru_sacrificial_ziggurat, serial_shops,
          nicolae_shop_behind_doors
D:9:      kennysheep_blocky_room, layout_stronghold, kennysheep_okawaru_gauntlet
D:10:     layout_rooms, dancing_weapons_uskayaw, marbit_many_paths,
          gammafunk_ghost_smash, special_room [special_room_kobold],
          nicolae_trove_entry_path_of_doom
D:11:     layout_big_octagon, dpeg_oklobed_lair, serial_shops, kennysheep_mini,
          portal_ice_cave_entry_pillars_2
D:12:     layout_gridville, hiddenorc2_lemuel
Lair:1:   layout_chaotic_city, st_stairs_11, grunt_megastairs_4,
          infiniplex_staircase_pool_2
Lair:2:   layout_misc_corridors, swamp_mist
Lair:3:   layout_cave_shapes, hellmonk_spider_entry_not_the_bees,
          hangedman_lair_unloving_vines, nzn_random_ring
Lair:4:   layout_hall_layers, minmay_lair_drake_nest, grunt_megastairs_2
Lair:5:   due_jungle_book, layout_regular_city, slime_entry_1,
          serial_bayou_pond_d

Skill      XL: |  1  2  3  4  5  6  7  8  9 10 11 12 13 14 15 |
---------------+----------------------------------------------+-----
Axes           | 4 5 6 7 8 9 11 12 13 15 16 18 19 20 | 20.2
Fighting       | 4 5 6 7 8 9 10 11 12 13 14 | 14.8
Ranged Weapons | 1 5 7 9 11 13 14 16 | 16.8
Evocations     | 2 4 5 6 8 9 |  9.6
Armour         | |  2.4
Dodging        | |  2.1

Action                   |  1- 3 |  4- 6 |  7- 9 | 10-12 | 13-15 || total
-------------------------+-------+-------+-------+-------+-------++-------
Melee: Hand axe          |    75 |    63 |       |       |       ||   138
       Headbutt          |     8 |    21 |    17 |    58 |    98 ||   202
       Battleaxe         |       |    24 |   132 |       |       ||   156
       Executioner's axe |       |       |    19 |   272 |   330 ||   621
       Halberd           |       |       |       |       |     3 ||     3
       Flail             |       |       |       |       |     2 ||     2
 Fire: Sling             |       |       |    24 |       |       ||    24
       Shortbow          |       |       |     5 |    81 |       ||    86
       Arbalest          |       |       |       |    60 |   402 ||   462
Throw: Dart              |     1 |     8 |     3 |     2 |     3 ||    17
       Boomerang         |       |       |       |       |    12 ||    12
Invok: Berserk           |     1 |     7 |     4 |    17 |    14 ||    43
       Trog's Hand       |     1 |     3 |     2 |    11 |    20 ||    37
Evoke: Wand              |       |       |       |     7 |     4 ||    11
  Use: Scroll            |       |     6 |     8 |    12 |    11 ||    37
       Potion            |       |       |       |     4 |     3 ||     7
Armor: Animal skin       |    21 |     1 |       |       |       ||    22
       Chain mail        |       |    50 |    83 |   153 |   125 ||   411
       Plate armour      |       |       |       |       |    50 ||    50
Dodge: Dodged            |    43 |    29 |    66 |   174 |   244 ||   556

Table legend: (Time is in decaauts)
 A = Elapsed time spent in this place.
 B = Non-inter-level travel time spent in this place.
 C = Inter-level travel time spent in this place.
 D = Time resting spent in this place.
 E = Time spent auto-exploring this place.
 F = Levels seen in this place.
 G = Mean time per level.
                   A        B        C        D        E       F      G
               +--------+--------+--------+--------+--------+-----+--------+
         Total |  26958 |  26137 |    821 |  12841 |   9085 |  18 | 1497.7 |
       Dungeon |  13781 |  13294 |    487 |   5104 |   5894 |  12 | 1148.4 |
          Lair |  10963 |  10630 |    333 |   6024 |   3126 |   5 | 2192.6 |
      Ice Cave |   2213 |   2213 |      0 |   1712 |     64 |   1 | 2213.0 |
               +--------+--------+--------+--------+--------+-----+--------+

Top non-repeatable levels by time:
  Lair:5: 4636 daAuts
     D:9: 2852 daAuts
  Lair:3: 2738 daAuts
   IceCv: 2213 daAuts
    D:12: 1749 daAuts
  Lair:4: 1581 daAuts
    D:10: 1475 daAuts
     D:8: 1351 daAuts
  Lair:2: 1247 daAuts
     D:5: 1001 daAuts
     D:7: 945 daAuts
    D:11: 939 daAuts
     D:3: 902 daAuts
     D:6: 827 daAuts
  Lair:1: 759 daAuts
